 Dungeon Crawl Stone Soup version 0.28.0-43-g3370ac3207 (webtiles) character file.

Game seed: 10762348804064205310

20563 RatsInWalls the Basher (level 12, -5/183 HPs)
             Began as a Troll Monk on Mar 31, 2022.
             Was an Elder of Fedhas.
             Slain by a black mamba (10 damage)
             ... on level 2 of the Lair of Beasts.
             The game lasted 00:42:41 (12713 turns).

RatsInWalls the Basher (Troll Monk)                Turns: 12713, Time: 00:42:42

Health: -5/183     AC: 26    Str: 26    XL:     12   Next: 46%
Magic:  16/16      EV:  1    Int:  6    God:    Fedhas [****..]
Gold:   651        SH:  5    Dex: 12    Spells: 11/11 levels left

rFire   . . .      SeeInvis .   B - +1 giant club
rCold   + . .      Faith    .   (shield currently unavailable)
rNeg    . . .      Spirit   .   (armour currently unavailable)
rPois   +          Reflect  +   (helmet currently unavailable)
rElec   .          Harm     .   (cloak currently unavailable)
rCorr   .          Rampage  .   (gloves unavailable)
Will    .....      NoTele   +   (boots unavailable)
Stlth   ++........              t - amulet of reflection
HPRegen 1.20/turn               j - ring of protection from cold
MPRegen 0.15/turn               y - +4 ring of evasion

@: lethally poisoned (-5 -> -6), tree-form (expiring), invisible
A: stationary, stasis, torment immunity, boosted hp, large, unfitting armour,
(claws 3), regeneration 1, (shaggy fur 1), (tough skin 1)
a: Renounce Religion, Wall of Briars, Grow Ballistomycete, Overgrow


You were on level 2 of the Lair of Beasts.
You worshipped Fedhas.
Fedhas was greatly pleased with you.
You were a tree.
You visited 3 branches of the dungeon, and saw 14 of its levels.
You also visited: Ossuary.

You collected 706 gold pieces.
You spent 55 gold pieces at shops.

Inventory:

Hand Weapons
 B - a +1 giant club (weapon)
Missiles
 a - 4 atropa-tipped darts
 f - 20 poisoned darts (quivered)
 z - a silver boomerang
 A - 11 boomerangs
 E - 4 throwing nets
Armour
 l - a scarf of resistance (melded)
 F - a +0 robe of fire resistance (melded)
Jewellery
 j - a ring of protection from cold (left branch)
 t - an amulet of reflection (around neck)
 y - a +4 ring of evasion (right branch)
 H - a +4 ring of protection
 J - a +6 ring of intelligence
Wands
 i - a wand of iceblast (5)
 m - a wand of mindburst (16)
 p - a wand of paralysis (10)
 q - a wand of acid (9)
 x - a wand of flame (43)
Scrolls
 b - a scroll of holy word
 d - 2 scrolls of blinking
 g - a scroll of magic mapping
 k - 13 scrolls of teleportation
 n - 4 scrolls of identify
 o - a scroll of enchant weapon
 G - 2 scrolls of enchant armour {unknown}
 K - a scroll of fear {unknown}
Potions
 c - a potion of curing
 e - 2 potions of attraction
 h - 2 potions of might
 s - a potion of cancellation
 u - 2 potions of ambrosia
 v - 2 potions of haste
 w - 2 potions of mutation
 C - 2 potions of lignification
 D - a potion of invisibility
 I - a potion of brilliance


   Skills:
 + Level 8.4 Fighting
 + Level 13.3 Maces & Flails
 * Level 3.2 Armour
 + Level 6.8 Dodging
 - Level 1.2 Stealth
 - Level 0.1 Shields
 * Level 7.8 Invocations


You had 11 spell levels left.
You didn't know any spells.
Your spell library contained the following spells:

 Spells                   Type           Power      Damage    Failure   Level
 Animate Skeleton         Necr           0%         N/A       45%         1
 Foxfire                  Conj/Fire      0%         2x1d4     45%         1
 Freeze                   Ice            0%         1d3       45%         1
 Pain                     Necr           0%         1d4       45%         1
 Sublimation of Blood     Necr           0%         N/A       58%         2
 Wereblood                Tmut           0%         N/A       58%         2
 Conjure Flame            Conj/Fire      0%         6-21      83%         3
 Frozen Ramparts          Ice            0%         1d2       83%         3
 Ignite Poison            Fire/Tmut/Pois 0%         N/A       83%         3
 Inner Flame              Hex/Fire       0%         N/A       83%         3
 Mephitic Cloud           Conj/Pois/Air  0%         N/A       83%         3
 Vampiric Draining        Necr           0%         2d6       83%         3
 Flame Wave               Conj/Fire      0%         2d4       99%         4
 Fulminant Prism          Conj/Hex       0%         3d6       99%         4
 Hailstorm                Conj/Ice       0%         3d3       99%         4
 Iskenderun's Mystic Bla  Conj/Tloc      0%         2d3       99%         4
 Alistair's Intoxication  Tmut/Pois      0%         N/A       100%        5
 Borgnjor's Vile Clutch   Necr/Erth      0%         N/A       100%        5
 Freezing Cloud           Conj/Ice/Air   0%         6-21      100%        5
 Lee's Rapid Deconstruct  Erth           0%         3d5*      100%        5
 Summon Forest            Summ/Tloc      0%         N/A       100%        5
 Eringya's Noxious Bog    Tmut/Pois      0%         N/A       100%        6
 Summon Hydra             Summ           0%         N/A       100%        7


Dungeon Overview and Level Annotations

Branches:
Dungeon (11/15)            Temple (1/1) D:4            Lair (2/6) D:11
Ossuary (visited)
  Swamp: Lair:2-4    Shoals: Lair:2-4     Snake: Lair:2-4    Spider: Lair:2-4
    Orc: D:9-12

Altars:
Ashenzari
Cheibriados
Dithmenos
Elyvilon
Fedhas
Gozag
Hepliaklqana
Kikubaaqudgha
Makhleb
Nemelex Xobeh
Okawaru
Qazlal
Ru
Sif Muna
Trog
Uskayaw
Vehumet
Wu Jian
Xom
Yredelemnul
Zin
The Shining One

Shops:
D:1 ?   D:6 ?

Annotations:
D:3 Sigmund
D:4 1 runed translucent door, Crazy Yiuf
D:6 1 runed translucent door, Icepheonix32's ghost, novice OpSu


Innate Abilities, Weirdness & Mutations

You are a tree.
Your roots penetrate the ground, keeping you stationary.
You cannot be teleported.
You are immune to unholy pain and torment.
Your maximum health is greatly increased.
Your equipment is partially melded.
You are too large for most types of armour.
((You have claws for hands.))
Your natural rate of healing is unusually fast.
((You are covered in fur. (AC +1)))
((You have tough skin. (AC +1)))


Message History

* * * LOW HITPOINT WARNING * * *
You are poisoned.
The black mamba poisons you!
You closely miss the black mamba.
You feel very sick. The black mamba bites you!
* * * LOW HITPOINT WARNING * * *
The black mamba completely misses you.
Unknown command.
You bludgeon the black mamba!!
The black mamba is severely wounded.
You feel very sick.
You hear a bellow!
The black mamba bites you!
* * * LOW HITPOINT WARNING * * *
The black mamba bites you.
* * * LOW HITPOINT WARNING * * *
You completely miss the black mamba.
The black mamba is severely wounded.
You feel sick. You block the black mamba's attack. The black mamba bites you.
* * * LOW HITPOINT WARNING * * *
Unknown command.
You sock the black mamba!
The black mamba is almost dead.
Your transformation is almost over.
You feel sick. You block the black mamba's attack.
Unknown command.
You closely miss the black mamba.
The black mamba is almost dead.
You feel sick.
The black mamba bites you but does no damage.
The black mamba bites you.
* * * LOW HITPOINT WARNING * * *
Unknown command.
You fade into invisibility!
You feel sick.
The black mamba bites you but does no damage.
The black mamba bites you!
You die...
Fedhas appreciates your contribution to the ecosystem. ♣# #♣ Y# #.
Y#F

#S# #####♣#####
♣.........♣♣♣ ..#♣
♣#♣..♣♣♣♣.♣♣♣♣..♣#
..#. .# ..≈. ♣♣♣.#
..#.
.#♣..♣♣♣♣.♣♣♣♣..♣#
..#.♣♣♣.#
♣.........♣♣♣
..#♣...♣########'#####
..#♣...♣#.♣.♣.#...#
..#.♣♣♣.♣♣.♣.♣♣...♣


You could see a black mamba, 2 yaks and a cane toad.

Vanquished Creatures
  A hydra (D:9)
  Harold (D:9)
  A two-headed ogre (D:10)
  Pikel (D:8)
  Maurice (D:10)
  An elephant (Lair:2)
  8 cane toads
  Psyche (D:10)
  4 komodo dragons
  A troll (D:9)
  15 blink frogs
  A shadow (D:10)
  A vampire (D:11)
  A basilisk (Lair:1)
  15 yaks
  2 wyverns
  3 steam dragons
  2 wraiths (D:10)
  An acid dragon (D:5)
  10 water moccasins
  3 black bears
  3 sky beasts (D:9)
  3 orc warriors
  An ice beast (D:5)
  9 centaurs
  A necrophage (D:5)
  2 ogres
  A phantom (D:7)
  A kobold brigand (D:6)
  A lemure (D:8)
  9 bullfrogs
  3 scorpions
  3 elf skeletons (D:4)
  2 wyvern zombies
  3 water moccasin zombies
  A water moccasin skeleton (D:5)
  9 killer bees
  9 wights
  2 electric eels (D:8)
  7 howler monkeys
  6 centaur zombies
  2 hounds (D:6)
  2 orc priests
  A jelly (D:8)
  2 iguanas
  A bullfrog skeleton (D:6)
  Ijyb (D:4)
  5 orc wizards
  A scorpion zombie (D:5)
  A hound zombie (D:5)
  2 mummies (Ossuary)
  A howler monkey zombie (D:8)
  3 gnolls (D:3)
  A howler monkey skeleton (D:4)
  4 adders
  An ufetubus (D:6)
  3 adder zombies (Ossuary)
  A worm (D:5)
  3 dart slugs
  21 orcs
  3 ball pythons
  10 endoplasms
  5 giant cockroaches
  2 gnoll zombies (Ossuary)
  6 hobgoblins
  15 jackals
  8 quokkas
  6 bats
  5 frilled lizards
  13 goblins
  5 hobgoblin zombies (Ossuary)
  15 kobolds
  3 kobold zombies (Ossuary)
  2 orc skeletons (D:4)
  10 orc zombies
  A quokka skeleton (D:4)
  9 rats
324 creatures vanquished.

Vanquished Creatures (collateral kills)
  A hydra (Lair:1)
  A cane toad (Lair:1)
  A killer bee (D:9)
  3 ballistomycete spores (D:9)
6 creatures vanquished.

Vanquished Creatures (others)
  7 fungi
  11 plants
  4 toadstools (D:1)
22 creatures vanquished.

Grand Total: 352 creatures vanquished

Notes
Turn   | Place    | Note
-------+----------+-------------------------------------------
     0 | D:1      | RatsInWalls the Troll Monk began the quest for the Orb.
     0 | D:1      | Reached XP level 1. HP: 22/22 MP: 0/0
    12 | D:1      | Found Ygejahet's Magic Scroll Boutique.
   199 | D:1      | Reached XP level 2. HP: 29/29 MP: 1/1
   212 | D:1      | Reached skill level 3 in Maces & Flails
   312 | D:1      | Reached XP level 3. HP: 35/36 MP: 2/2
   439 | D:1      | Found a faded altar of an unknown god.
  1072 | D:2      | Reached XP level 4. HP: 44/44 MP: 3/3
  1357 | D:2      | Found a stormy altar of Qazlal.
  1473 | D:3      | Noticed Sigmund
  1651 | D:3      | Reached skill level 4 in Maces & Flails
  1764 | D:3      | Reached XP level 5. HP: 41/53 MP: 4/4
  2067 | D:3      | Found a white marble altar of Elyvilon.
  2136 | D:4      | Noticed Ijyb
  2193 | D:4      | Killed Ijyb
  2273 | D:4      | Reached skill level 5 in Maces & Flails
  2273 | D:4      | Reached XP level 6. HP: 44/61 MP: 5/5
  2279 | D:4      | Found a sand-covered staircase.
  2314 | Ossuary  | Entered an ossuary
  2787 | D:4      | Reached XP level 7. HP: 64/67 MP: 6/6
  2792 | D:4      | Identified the +11 quarterstaff "Gydwanes" {freeze, rElec
                  | Will+}
  2834 | D:4      | Found a staircase to the Ecumenical Temple.
  2848 | D:4      | Reached skill level 6 in Maces & Flails
  2886 | Temple   | Entered the Ecumenical Temple
  2952 | Temple   | Became a worshipper of Fedhas Madash
  2952 | Temple   | Reached * piety under Fedhas
  2952 | Temple   | Reached ** piety under Fedhas
  3053 | D:4      | Found a runed translucent door.
  3054 | D:4      | Noticed Crazy Yiuf
  3398 | D:5      | Entered Level 5 of the Dungeon
  3558 | D:5      | Reached skill level 1 in Invocations
  3658 | D:5      | Reached XP level 8. HP: 78/78 MP: 8/8
  3670 | D:5      | Reached skill level 7 in Maces & Flails
  4437 | D:6      | Reached *** piety under Fedhas
  4559 | D:6      | Found a sparkling altar of Nemelex Xobeh.
  4560 | D:6      | Found a broken altar of Ashenzari.
  4708 | D:6      | Reached skill level 8 in Maces & Flails
  4785 | D:6      | Found Limunt's Magic Scroll Shop.
  4795 | D:6      | Bought a scroll of teleportation for 33 gold pieces
  4795 | D:6      | Bought a scroll of identify for 22 gold pieces
  4971 | D:6      | Reached XP level 9. HP: 84/87 MP: 10/10
  5012 | D:6      | Noticed a kobold demonologist
  5146 | D:7      | Reached skill level 5 in Fighting
  5304 | D:7      | Found a hazy altar of Hepliaklqana.
  5305 | D:7      | Found a stormy altar of Qazlal.
  5306 | D:7      | Found a radiant altar of Vehumet.
  5905 | D:6      | Found a runed translucent door.
  5929 | D:6      | Noticed Icepheonix32's ghost (novice OpSu)
  5984 | D:6      | Noticed a soul eater
  6407 | D:7      | Reached skill level 9 in Maces & Flails
  6555 | D:8      | Noticed Pikel
  6573 | D:8      | Killed Pikel
  6574 | D:8      | Reached skill level 5 in Dodging
  6837 | D:8      | Reached XP level 10. HP: 98/98 MP: 12/12
  6847 | D:8      | Reached skill level 5 in Invocations
  7038 | D:8      | Reached skill level 10 in Maces & Flails
  7059 | D:8      | Reached **** piety under Fedhas
  7085 | D:8      | Found a sacrificial altar of Ru.
  7156 | D:8      | Noticed an ogre mage
  7712 | D:9      | Found a glowing silver altar of Zin.
  7905 | D:9      | Noticed an eight-headed hydra
  8698 | D:9      | Killed an eight-headed hydra
  8699 | D:9      | Reached skill level 11 in Maces & Flails
  8702 | D:9      | Noticed a seven-headed hydra
  9104 | D:9      | Noticed Harold
  9116 | D:9      | Killed Harold
  9117 | D:9      | Reached XP level 11. HP: 62/107 MP: 14/14
  9164 | D:10     | Entered Level 10 of the Dungeon
  9284 | D:10     | Noticed Maurice
  9295 | D:10     | Killed Maurice
  9317 | D:10     | Noticed Psyche
  9324 | D:10     | Killed Psyche
  9896 | D:10     | Noticed a two-headed ogre
  9904 | D:10     | Killed a two-headed ogre
  9905 | D:10     | Reached skill level 12 in Maces & Flails
 10219 | D:10     | Found a shimmering blue altar of Sif Muna.
 10583 | D:11     | Found a staircase to the Lair.
 10647 | D:11     | Noticed a deep elf pyromancer
 10679 | Lair:1   | Entered Level 1 of the Lair of Beasts
 10808 | Lair:1   | Reached skill level 1 in Armour
 10907 | Lair:1   | HP: 1/109 [cane toad (21)]
 10916 | Lair:1   | HP: 3/109 [poisoned by a cane toad]
 10921 | Lair:1   | HP: 2/109 [poisoned by a cane toad]
 11333 | Lair:1   | Noticed an eight-headed hydra
 11417 | Lair:1   | Killed an eight-headed hydra
 11418 | Lair:1   | Reached XP level 12. HP: 119/119 MP: 7/16
 12362 | Lair:2   | Reached skill level 13 in Maces & Flails
 12710 | Lair:2   | HP: 9/183 [black mamba (5)]
 12713 | Lair:2   | Slain by a black mamba

Illustrated notes

Levels and vault maps discovered:
D:1:      ldierk_water_garden, layout_basic,
          dreamdust_ecumenical_altar_angels_and_demons, serial_shops,
          nicolae_shop_advertising_works [nicolae_subvault_shop_adworks],
          amcnicky_mini_rare_corridor_liquid
D:2:      layout_loops_ring, basic_altar, st_stairs_5,
          kennysheep_generic_room_11
D:3:      layout_rooms, lemuel_doored_altar, uniq_sigmund
D:4:      layout_loops_ring, minmay_temple_entry_drinking_statues,
          nicolae_ossuary_entry_catacombs, kennysheep_generic_room_13,
          uniq_ijyb, uniq_crazy_yiuf_cottage
D:5:      kennysheep_six_static_rooms, layout_basic
D:6:      minmay_cornered_nines, layout_loops_ring,
          nicolae_overflow_hidden_temple, gammafunk_ghost_grave, serial_shops,
          shop_scrolls
D:7:      layout_basic, gammafunk_temple_overflow_claw, small_statue_alley_b
D:8:      layout_basic, mainiacjoe_overflow_24_doors, kennysheep_island_fort,
          uniq_pikel
D:9:      kennysheep_blocky_room, layout_loops_ring, amcnicky_altar_gilded,
          hangedman_misty_isle, uniq_harold
D:10:     layout_basic, nicolae_sif_muna_condensation, uniq_maurice, uniq_psyche
D:11:     minmay_the_grid_octo_tiled_octocenter_mashed
          [minmay_the_grid_octo_odd_swirl, minmay_the_grid_octo_empty,
          minmay_the_grid_octo_checkered, minmay_the_grid_octo_toaster,
          minmay_the_grid_octo_prize_big_c,
          minmay_the_grid_square_5x5_bracketed,
          minmay_the_grid_square_5x5_minimal,
          minmay_the_grid_square_5x5_n_small,
          minmay_the_grid_square_5x5_checkered_sparse], layout_irregular_city,
          david_lair_generic
Temple:   cyrus_circular_temple
Lair:1:   layout_roguey, st_stairs_8, lemuel_fruit_tree
Lair:2:   nzn_winding_woodlands_stair_cross [nzn_winding_woodlands_5x15_zeroes,
          nzn_winding_woodlands_center_diamonds, nzn_winding_woodlands_5x15_eye,
          nzn_winding_woodlands_5x5_checkerboard,
          nzn_winding_woodlands_5x5_closed_star,
          nzn_winding_woodlands_5x15_pool,
          nzn_winding_woodlands_center_pierced_h,
          nzn_winding_woodlands_5x15_lazy_stream], layout_chaotic_city,
          elwin_shoals_entry_stream, hellmonk_spider_entry_life_and_decay,
          chequers_serial_rivers_micro_d

Skill      XL: |  1  2  3  4  5  6  7  8  9 10 11 12 |
---------------+-------------------------------------+-----
Maces & Flails | 3 4 5 6 8 9 11 12 13 | 13.3
Fighting       | 3 4 5 6 7 8 |  8.4
Dodging        | 3 4 5 6 |  6.8
Invocations    | 2 3 4 6 7 |  7.8
Armour         | 2 3 |  3.2
Stealth        | |  1.2
Shields        | |  0.1

Action                   |  1- 3 |  4- 6 |  7- 9 | 10-12 || total
-------------------------+-------+-------+-------+-------++-------
Melee: Mace              |   124 |    65 |       |       ||   189
       Punch             |     1 |     2 |     7 |       ||    10
       Flail             |       |   206 |   264 |       ||   470
       Giant club        |       |       |    77 |   522 ||   599
Throw: Dart              |       |       |     9 |     2 ||    11
Invok: Grow Ballistomyce |       |       |     1 |     1 ||     2
       Overgrow          |       |       |       |     2 ||     2
       Wall of Briars    |       |       |       |     2 ||     2
Evoke: Wand              |       |     1 |     6 |    10 ||    17
  Use: Scroll            |       |     1 |    16 |     6 ||    23
       Potion            |       |       |       |    14 ||    14
 Stab: Sleeping          |     3 |     5 |     5 |     1 ||    14
       Paralysed         |       |     4 |       |       ||     4
       Confused          |       |       |       |     1 ||     1
Armor: Robe              |    59 |    74 |    56 |    76 ||   265
       Skin              |       |       |       |    39 ||    39
Dodge: Dodged            |    66 |   100 |   142 |   344 ||   652
Block: Other             |       |    10 |    71 |   121 ||   202
       Reflection        |       |     1 |       |     5 ||     6
